 Dungeon Sprint DCSS version 0.22.1-2-g9c5b331 (webtiles) character file.

838 diana the Fighter (level 7, -3/78 HPs)
             Began as a Gargoyle Fighter on Dec 23, 2018.
             Slain by a tyrant leech (19 damage)
             ... in the Dungeon (Sprint II: "The Violet Keep of Menkaure").
             The game lasted 00:03:23 (528 turns).

diana the Fighter (Gargoyle Fighter)                 Turns: 528, Time: 00:03:24

Health: -3/78      AC: 15    Str: 27    XL:     7   Next: 99%
Magic:  7/7        EV: 10    Int:  4    God:
Gold:   306        SH: 12    Dex:  9    Spells: 6/6 levels left

rFire    + . .     SeeInvis .   a - +0 flail
rCold    . . .     Gourm    .   c - +0 shield
rNeg     + . .     Faith    .   l - +3 ring mail of Patience {rF+ Int-4 Slay+2}
rPois    ∞         Spirit   .   (no helmet)
rElec    +         Reflect  .   (no cloak)
rCorr    .         Harm     .   (no gloves)
MR       .....     NoTele   +   (no boots)
Stlth    ..........             (no amulet)
HPRegen  0.23/turn              (no ring)
MPRegen  0.10/turn              (no ring)

@: berserking (expiring), very quick
A: negative energy resistance 1, electricity resistance, unbreathing,
petrification resistance, rot immunity, AC +4
a: no special abilities


You were in the Dungeon.
You were not hungry.

You visited 1 branch You collected 486 gold pieces.
You spent 180 gold pieces at shops.

Inventory:

Hand Weapons
 a - a +0 flail (weapon)
Armour
 b - a +0 scale mail
 c - a +0 shield (worn)
 l - the +3 ring mail of Patience (worn) {rF+ Int-4 Slay+2}
   (You bought it in a shop in the Dungeon)

   It affects your intelligence (-4).
   It affects your accuracy and damage with ranged weapons and melee attacks
   (+2).
   It protects you from fire.
Scrolls
 k - a scroll of blinking
Potions
 d - a potion of might
 e - a potion of curing
 h - a potion of haste
 i - 2 potions of magic
Comestibles
 f - a ration


   Skills:
 + Level 9.9 Fighting
 + Level 8.8 Maces & Flails
 + Level 9.8 Armour
 + Level 1.1 Dodging
 + Level 0.3 Stealth
 + Level 9.6 Shields


You had 6 spell levels left.
You didn't know any spells.
Your spell library was empty.

Dungeon Overview and Level Annotations

Branches:
Dungeon (1/1)

Altars:

Shops:
D ?}:[=!%=(=!:[[(=

Annotations:
D exclusion: oklob plant


Innate Abilities, Weirdness & Mutations

You are resistant to torment.
Your stone body is resilient. (AC +4)
You are immune to poison.
You resist negative energy. (rN+)
You are resistant to electric shocks. (rElec)
You can survive without breathing.
You are immune to petrification.
You are immune to rotting.


Message History

The tyrant leech is severely wounded.
You miss the tyrant leech.
The tyrant leech is severely wounded.
You block the tyrant leech's attack.
You barely miss the tyrant leech.
The tyrant leech is severely wounded.
You sock the tyrant leech!
The tyrant leech is almost dead.
The tyrant leech barely misses you.
You completely miss the tyrant leech.
The tyrant leech is almost dead.
You block the tyrant leech's attack.
You barely miss the tyrant leech.
The tyrant leech is almost dead.
You hit the tyrant leech.
You kill the tyrant leech!
Your Maces & Flails skill increases to level 8!
Your Dodging skill increases to level 1!
You barely miss the tyrant leech. The tyrant leech bites you!!
You die...

≈## ##########≈≈#++
#########≈≈≈...
........#≈≈≈≈.## ##
...⌠....#≈≈≈≈##. .##
..∩.∩...#≈≈≈≈#.. ..
.∩.∩.∩..#≈≈### .#$
∩.∩.∩.∩.#≈##.###w#
.∩...∩.∩#≈#...##@##
∩.....∩.'≈'.##'.<.+
.......∩#≈#...##.##
▓▓▓▓▓▓###≈##.###†##
${h######≈≈####.#.##
%!h#Z$ ##≈≈≈#..#..#
∩P?+!.# +#≈###.###
?.)#?##≈ ≈≈##+#
?$.###≈≈ ≈≈≈≈≈


You could see a tyrant leech.

Vanquished Creatures
  A tyrant leech (D)
  Menkaure (D)
  4 necrophages (D)
  A crocodile (D)
  4 worker ants (D)
11 creatures vanquished.

Notes
Turn   | Place    | Note
-------+----------+-------------------------------------------
     0 | D        | diana the Gargoyle Fighter began the quest for the Orb.
     0 | D        | Reached XP level 1. HP: 14/14 MP: 1/1
     1 | D        | Noticed a tyrant leech
     1 | D        | Noticed a tyrant leech
     4 | D        | Noticed a necrophage
     4 | D        | Noticed a necrophage
     4 | D        | Noticed a necrophage
     4 | D        | Noticed a necrophage
    12 | D        | Killed a necrophage
    12 | D        | Reached skill level 5 in Shields
    12 | D        | Reached XP level 2. HP: 14/22 MP: 2/2
    12 | D        | Reached XP level 3. HP: 18/27 MP: 3/3
    12 | D        | Reached XP level 4. HP: 21/32 MP: 4/4
    21 | D        | Killed a necrophage
    21 | D        | Reached XP level 5. HP: 24/38 MP: 5/5
    37 | D        | Killed a necrophage
    37 | D        | Reached skill level 5 in Maces & Flails
    37 | D        | Reached XP level 6. HP: 18/44 MP: 6/6
    48 | D        | Killed a necrophage
   245 | D        | Found Lukli's Jewellery Shop.
   245 | D        | Found Gosofoaze's Weapon Boutique.
   245 | D        | Found Nihocri's Book Shop.
   245 | D        | Found Cize's Armour Shop.
   245 | D        | Found Jumug's Jewellery Boutique.
   245 | D        | Found Cepheono's Distillery.
   245 | D        | Found Foblaenn's Antique Weapon Shop.
   246 | D        | Found Otzoi's Jewellery Shop.
   387 | D        | Found Uneov's Food Shop.
   387 | D        | Found Ylufoh's Distillery.
   388 | D        | Found Ysum's Antique Armour Boutique.
   388 | D        | Noticed a polar bear
   388 | D        | Noticed a polar bear
   389 | D        | Found Gammoebb's Jewellery Shop.
   389 | D        | Found Idiotim's Antique Armour Boutique.
   389 | D        | Noticed Menkaure
   389 | D        | Noticed an oklob plant
   403 | D        | Killed Menkaure
   403 | D        | Reached XP level 7. HP: 46/51 MP: 7/7
   406 | D        | Found Laof's Gadget Shop.
   406 | D        | Found Bonouxze's Magic Scroll Boutique.
   406 | D        | Found Xeenis's Book Shoppe.
   408 | D        | Bought a twisted ring mail for 180 gold pieces
   434 | D        | Identified the +3 ring mail of Patience {rF+ Int-4 Slay+2}
                  | (You bought it in a shop in the Dungeon)
   493 | D        | Noticed a flying skull
   493 | D        | Noticed a flying skull
   493 | D        | Noticed a flying skull
   493 | D        | Noticed a flying skull
   493 | D        | Noticed a flying skull
   493 | D        | Noticed a flying skull
   527 | D        | Killed a tyrant leech
   527 | D        | Reached skill level 1 in Dodging
   528 | D        | Slain by a tyrant leech

Skill      XL: |  1  2  3  4  5  6  7 |
---------------+----------------------+-----
Fighting       | 6 7 8 9 |  9.9
Maces & Flails | 3 4 5 7 8 |  8.8
Armour         | 6 7 8 9 |  9.8
Shields        | 5 7 9 |  9.6
Dodging        | 1 |  1.1
Stealth        | |  0.3

Action                   |  1- 3 |  4- 6 |  7- 9 || total
-------------------------+-------+-------+-------++-------
Melee: Flail             |     6 |    48 |    48 ||   102
  Use: Potion            |       |       |     2 ||     2
Armor: Scale mail        |     4 |    15 |       ||    19
       Ring mail         |       |       |     6 ||     6
Dodge: Dodged            |       |    13 |     5 ||    18
Block: Shield            |     1 |    15 |    23 ||    39
